 Dungeon Crawl Stone Soup version 0.20.1-1-g8b1a95d (webtiles) character file.

8621 Kingsmith the Artisan of Death (level 11, -8/86 HPs)
             Began as a Mummy Necromancer on Dec 14, 2017.
             Was a Priest of Kikubaaqudgha.
             Mangled by a five-headed hydra (10 damage)
             ... on level 11 of the Dungeon.
             The game lasted 00:46:53 (14278 turns).

Kingsmith the Artisan of Death (Mummy Necromancer) Turns: 14278, Time: 00:46:56

Health: -8/86      AC:  8    Str: 11    XL:     11   Next: 12%
Magic:  7/24       EV: 15    Int: 17    God:    Kikubaaqudgha [***...]
Gold:   565        SH:  0    Dex: 14    Spells: 3/28 levels left

rFire    x . .     SeeInvis .   i - +0 spear
rCold    + . .     Gourm    .   (no shield)
rNeg     + + +     Faith    .   e - +0 troll leather armour
rPois    ∞         Spirit   .   d - +0 helmet
rElec    .         Reflect  .   l - +1 cloak
rCorr    .         Harm     .   h - +0 pair of gloves
MR       +....                  (no boots)
Stlth    ++........             p - amulet of magic regeneration
Regen    0.7/turn               (no ring)
MPRegen  0.3/turn               (no ring)

@: no status effects
A: no food or potions, fire vulnerability, cold resistance 1, negative energy
resistance 3, torment resistance, unbreathing
a: Receive Corpses, Renounce Religion


You were on level 11 of the Dungeon.
You worshipped Kikubaaqudgha.
Kikubaaqudgha was most pleased with you.
You were not hungry.

You visited 2 branches of the dungeon, and saw 12 of its levels.

You collected 565 gold pieces.

Inventory:

Hand Weapons
 i - a +0 spear (weapon)
Armour
 a - a +0 robe
 d - a +0 helmet (worn)
 e - a +0 troll leather armour (worn)
 h - a +0 pair of gloves (worn)
 l - a +1 cloak (worn)
 u - the +2 chain mail of Resilience {*Slow rElec Regen+ Stlth+}
   (You found it on level 8 of the Dungeon)

   It insulates you from electricity.
   It increases your rate of regeneration.
   It may slow you when you take damage.
   It makes you more stealthy.
Magical Staves
 o - an uncursed staff of cold
 x - an uncursed staff of wizardry
 y - an uncursed staff of air
Jewellery
 p - an amulet of magic regeneration (around neck)
Wands
 s - a wand of polymorph (13/24)
 v - a wand of lightning (10/15)
 w - a wand of acid (8/15)
 z - a wand of acid (5/15)
 A - a wand of iceblast (10/15)
Scrolls
 c - 6 scrolls of remove curse
 f - 8 scrolls of teleportation
 g - 2 scrolls of magic mapping
 j - 2 scrolls of fog
 k - a scroll of enchant armour
 m - 3 scrolls of amnesia
 n - 2 scrolls of identify
 q - 3 scrolls of recharging
Books
 b - a book of Necromancy

   Spells                             Type                      Level
   a - Pain                           Necromancy                   1
   b - Animate Skeleton               Necromancy                   1
   c - Vampiric Draining              Necromancy                   3
   d - Regeneration                   Charms/Necromancy            3
   e - Animate Dead                   Necromancy                   4
   f - Control Undead                 Necromancy                   4
 r - Kikubaaqudgha's Grimoire of Necromancy
   (Kikubaaqudgha gifted it to you on level 10 of the Dungeon)

   Spells                             Type                      Level
   a - Animate Dead                   Necromancy                   4
   b - Agony                          Necromancy                   5
   c - Dispel Undead                  Necromancy                   5
   d - Simulacrum                     Ice/Necromancy               6
   e - Death Channel                  Necromancy                   6
 t - the Disquisition on Black Secrets
   (You found it on level 8 of the Dungeon)

   Spells                             Type                      Level
   a - Animate Skeleton               Necromancy                   1
   b - Pain                           Necromancy                   1
   c - Corpse Rot                     Necromancy                   2
   d - Regeneration                   Charms/Necromancy            3
   e - Animate Dead                   Necromancy                   4
   f - Control Undead                 Necromancy                   4
   g - Agony                          Necromancy                   5


   Skills:
 - Level 8.0 Fighting
 - Level 6.0 Dodging
 - Level 1.5 Stealth
 - Level 9.0 Spellcasting
 + Level 12.1 Necromancy


You had 3 spell levels left.
You knew the following spells:

 Your Spells              Type           Power        Failure   Level  Hunger
a - Pain                  Necr           ####         1%          1    N/A
b - Animate Skeleton      Necr           N/A          1%          1    N/A
c - Corpse Rot            Necr           N/A          1%          2    N/A
d - Vampiric Draining     Necr           #####.....   1%          3    N/A
e - Animate Dead          Necr           N/A          1%          4    N/A
f - Control Undead        Necr           #####.....   1%          4    N/A
g - Agony                 Necr           #####...     2%          5    N/A
h - Dispel Undead         Necr           #####...     2%          5    N/A

Dungeon Overview and Level Annotations

Branches:
Dungeon (11/15)            Temple (1/1) D:5            Lair (0/6) D:10
    Orc: D:9-12

Altars:
Ashenzari
Cheibriados
Dithmenos
Elyvilon
Fedhas
Gozag
Hepliaklqana
Kikubaaqudgha
Makhleb
Nemelex Xobeh
Okawaru
Qazlal
Ru
Sif Muna
Trog
Uskayaw
Vehumet
Xom
Yredelemnul
Zin
The Shining One

Shops:
D:7 }

Annotations:
D:5 Dowan, Duvessa


Innate Abilities, Weirdness & Mutations

You do not eat or drink.
Your flesh is vulnerable to fire.
You are immune to poison.
Your flesh is cold resistant. (rC+)
You are immune to negative energy. (rN+++)
You are immune to unholy pain and torment.
You can survive without breathing.


Message History

The five-headed hydra closely misses you.
The five-headed hydra bites you!
* * * LOW HITPOINT WARNING * * *
The five-headed hydra bites you but does no damage.
The five-headed hydra bites you.
* * * LOW HITPOINT WARNING * * *
Casting: Pain
Confirm with . or Enter, or press ? or * to list all spells.
Aiming: Vampiric Draining
Press: ? - help, Shift-Dir - straight line, f/p - five-headed hydra
Aim: a five-headed hydra (almost dead)
The five-headed hydra is almost dead.
You feel life coursing into your body. The five-headed hydra bites you!
* * * LOW HITPOINT WARNING * * *
The five-headed hydra bites you but does no damage.
The five-headed hydra bites you!
* * * LOW HITPOINT WARNING * * *
The five-headed hydra bites you!
You die...
Kikubaaqudgha rasps: "You have failed me!
Welcome... oblivion!"

#.......# .# #.......# #.#
#. #....... #.# #.##......
. ... ........##.. #.#
#.##........ #.#
#.##$D......
.###.###>####.##@.#
...........##.##..#
####.###..........######..
#.....#.##..........
##.###.#(##.........#
#.#..# #...############
#.#..###.### ###
#.#......<.. ..#
#.#.######## #)#


You could see a five-headed hydra.

Vanquished Creatures
  A two-headed ogre (D:8)
  A manticore (D:9)
  Maurice (D:10)
  2 trolls
  2 hippogriffs
  12 yaks
  A hungry ghost (D:9)
  A black bear (D:9)
  6 ice beasts
  3 orc warriors
  5 sky beasts
  7 ogres
  A phantom (D:4)
  A centaur (D:8)
  3 big kobolds
  A crocodile (D:10)
  9 bullfrogs
  5 scorpions
  A howler monkey (D:9)
  A bullfrog zombie (D:11)
  A crimson imp (D:5)
  4 jellies
  6 orc priests
  3 hounds
  A bullfrog skeleton (D:8)
  3 iguanas
  5 orc wizards
  4 worker ants
  2 hound skeletons
  A hound zombie (D:8)
  A worker ant zombie (D:7)
  7 adders
  A gnoll (D:4)
  3 shadow imps
  2 worms
  7 leopard geckos
  29 orcs
  9 bats
  7 giant cockroaches
  3 goblins
  7 hobgoblins
  A jackal (D:5)
  29 kobolds
  4 quokkas
  3 frilled lizards
  A jackal skeleton (D:6)
  A leopard gecko skeleton (D:4)
  2 leopard gecko zombies
  7 rats
218 creatures vanquished.

Vanquished Creatures (collateral kills)
  A wraith (D:10)
  3 yaks
  A porcupine (D:10)
  A sky beast (D:9)
  An ogre (D:8)
  A phantom (D:8)
  A big kobold (D:7)
  2 bullfrogs
  3 crimson imps
  2 quasits
  A hound (D:9)
  A jelly (D:8)
  A bullfrog skeleton (D:4)
  A centaur skeleton (D:8)
  An orc wizard (D:10)
  A worker ant (D:8)
  3 gnolls (D:4)
  An adder (D:8)
  A shadow imp (D:7)
  A worm (D:4)
  A leopard gecko (D:7)
  An orc (D:6)
  7 kobolds
  A fungus (D:10)
38 creatures vanquished.

Vanquished Creatures (others)
  12 fungi (D:10)
  7 plants (D:10)
19 creatures vanquished.

Grand Total: 275 creatures vanquished

Notes
Turn   | Place    | Note
-------+----------+-------------------------------------------
     0 | D:1      | Kingsmith the Mummy Necromancer began the quest for the Orb.
     0 | D:1      | Reached XP level 1. HP: 13/13 MP: 4/4
   374 | D:1      | Reached XP level 2. HP: 11/19 MP: 0/5
   507 | D:1      | Learned a level 1 spell: Animate Skeleton
   986 | D:1      | You fall through a shaft!
  1356 | D:2      | Reached skill level 5 in Necromancy
  1356 | D:2      | Reached XP level 3. HP: 19/24 MP: 0/7
  1362 | D:2      | Learned a level 3 spell: Vampiric Draining
  2053 | D:2      | Found a stormy altar of Qazlal.
  2190 | D:2      | Reached XP level 4. HP: 30/30 MP: 3/8
  2669 | D:3      | Found a faded altar of an unknown god.
  2691 | D:3      | Found a shimmering altar of Xom.
  3287 | D:4      | Reached skill level 6 in Necromancy
  3395 | D:4      | Reached XP level 5. HP: 35/35 MP: 6/9
  3401 | D:4      | Learned a level 4 spell: Control Undead
  3411 | D:4      | Noticed a phantom
  3588 | D:4      | Noticed a phantom
  3918 | D:4      | Learned a level 4 spell: Animate Dead
  4028 | D:4      | Killed a phantom
  4028 | D:4      | Reached skill level 1 in Fighting
  4028 | D:4      | Reached XP level 6. HP: 10/43 MP: 13/13
  4941 | D:5      | Entered Level 5 of the Dungeon
  5103 | D:5      | Reached XP level 7. HP: 54/54 MP: 8/14
  5365 | D:5      | Reached skill level 5 in Fighting
  5968 | D:5      | Found a glowing silver altar of Zin.
  5968 | D:5      | Noticed an angel
  6059 | D:5      | Reached XP level 8. HP: 64/64 MP: 10/15
  6104 | D:5      | Noticed Dowan
  6114 | D:5      | Noticed Duvessa
  6330 | D:5      | Found a staircase to the Ecumenical Temple.
  6339 | Temple   | Entered the Ecumenical Temple
  6411 | Temple   | Became a worshipper of Kikubaaqudgha
  6470 | D:5      | Found Lurits's Magic Scroll Boutique.
  6980 | D:6      | Reached skill level 7 in Necromancy
  7798 | D:6      | Reached skill level 8 in Necromancy
  7857 | D:6      | Reached * piety under Kikubaaqudgha
  7857 | D:6      | Identified Kikubaaqudgha's Almanac of Evil (Kikubaaqudgha gifted it to you on level 6 of the Dungeon)
  7857 | D:6      | Received a gift from Kikubaaqudgha
  7867 | D:6      | Learned a level 2 spell: Corpse Rot
  8035 | D:7      | Found Hecucic's Gadget Shop.
  8070 | D:7      | Reached skill level 9 in Necromancy
  8070 | D:7      | Reached XP level 9. HP: 56/69 MP: 6/16
  9183 | D:8      | Identified the Disquisition on Black Secrets
  9211 | D:8      | Reached skill level 10 in Necromancy
  9236 | D:8      | Found a white marble altar of Elyvilon.
  9627 | D:8      | Got a scorched chain mail
  9679 | D:8      | Found a hazy altar of Hepliaklqana.
  9679 | D:8      | Noticed a two-headed ogre
  9698 | D:8      | Killed a two-headed ogre
  9698 | D:8      | Reached skill level 11 in Necromancy
  9775 | D:8      | Found a shattered altar of Ashenzari.
  9930 | D:8      | Identified the +2 chain mail of Resilience {*Slow rElec Regen+ Stlth+} (You found it on level 8 of the Dungeon)
  9972 | D:8      | Reached skill level 5 in Spellcasting
 10201 | D:9      | Found a sparkling altar of Nemelex Xobeh.
 10305 | D:9      | Learned a level 5 spell: Agony
 10623 | D:9      | Noticed a manticore
 10639 | D:9      | Killed a manticore
 10639 | D:9      | Reached XP level 10. HP: 36/77 MP: 6/19
 10848 | D:9      | Reached skill level 5 in Dodging
 10853 | D:9      | Reached ** piety under Kikubaaqudgha
 11558 | D:9      | Found a bloodstained altar of Trog.
 11565 | D:9      | Found a hide-covered altar of Uskayaw.
 12211 | D:10     | Entered Level 10 of the Dungeon
 12882 | D:10     | Found a staircase to the Lair.
 13100 | D:10     | Reached *** piety under Kikubaaqudgha
 13100 | D:10     | Identified Kikubaaqudgha's Grimoire of Necromancy (Kikubaaqudgha gifted it to you on level 10 of the Dungeon)
 13100 | D:10     | Received a gift from Kikubaaqudgha
 13100 | D:10     | Reached skill level 12 in Necromancy
 13415 | D:10     | Noticed Maurice
 13425 | D:10     | Killed Maurice
 13647 | D:10     | Reached XP level 11. HP: 76/86 MP: 2/23
 14048 | D:10     | Learned a level 5 spell: Dispel Undead
 14269 | D:11     | Noticed a five-headed hydra
 14278 | D:11     | HP: 2/86 [five-headed hydra (14)]
 14278 | D:11     | Mangled by a five-headed hydra

Skill      XL: |  1  2  3  4  5  6  7  8  9 10 11 |
---------------+----------------------------------+-----
Necromancy     | 5 6 9 11 12 | 12.1
Spellcasting   | 4 6 8 9 |  9.0
Fighting       | 1 4 6 8 |  8.0
Dodging        | 2 4 6 |  6.0
Stealth        | |  1.5

Action                   |  1- 3 |  4- 6 |  7- 9 | 10-12 || total
-------------------------+-------+-------+-------+-------++-------
Melee: Unarmed           |    11 |       |       |       ||    11
       Spear             |     4 |    20 |   296 |    48 ||   368
       Dagger            |       |       |       |    10 ||    10
 Cast: Pain              |    62 |    92 |   246 |   308 ||   708
       Animate Skeleton  |     8 |     2 |     3 |       ||    13
       Animate Dead      |       |     5 |    13 |    16 ||    34
       Control Undead    |       |     3 |     3 |     2 ||     8
       Corpse Rot        |       |       |     3 |     1 ||     4
       Agony             |       |       |     3 |    13 ||    16
       Vampiric Draining |       |       |       |     5 ||     5
       Dispel Undead     |       |       |       |     2 ||     2
Invok: Receive Corpses   |       |       |     3 |       ||     3
  Use: Scroll            |       |     7 |     6 |     3 ||    16
 Stab: Sleeping          |       |       |     1 |       ||     1
       Distracted        |       |       |     1 |       ||     1
Armor: Robe              |    13 |     4 |   128 |    33 ||   178
       Chain mail        |       |       |    21 |       ||    21
       Troll leather arm |       |       |       |    37 ||    37
Dodge: Dodged            |    19 |    32 |   279 |   254 ||   584
